 Dungeon Crawl Stone Soup version 0.23-a0-550-g7de1f8e (webtiles) character file.

47 Leeroy the Charmwright (level 3, 0/31 HPs)
             Began as a Gnoll Skald on Dec 9, 2018.
             Slain by a gnoll
             ... wielding a +0 spear
              (10 damage)
             ... on level 2 of the Dungeon.
             The game lasted 00:05:32 (1317 turns).

Leeroy the Charmwright (Gnoll Skald)                Turns: 1317, Time: 00:05:34

Health: 0/31       AC:  5    Str: 14    XL:     3   Next: 70%
Magic:  9/9        EV: 14    Int: 15    God:
Gold:   33         SH:  0    Dex: 14    Spells: 1/12 levels left

rFire    . . .     SeeInvis .   g - +0 war axe
rCold    . . .     Gourm    .   (no shield)
rNeg     . . .     Faith    .   b - +0 leather armour
rPois    .         Spirit   .   p - +1 helmet
rElec    .         Reflect  .   (no cloak)
rCorr    .         Harm     .   (no gloves)
MR       .....                  (no boots)
Stlth    +.........             (no amulet)
HPRegen  0.10/turn              (no ring)
MPRegen  0.11/turn              (no ring)

@: no status effects
A: distributed training, fangs 1, strong nose
a: no special abilities


You were on level 2 of the Dungeon.
You were hungry.

You visited 1 branch of the dungeon, and saw 2 of its levels.

You collected 33 gold pieces.

Inventory:

Hand Weapons
 a - a +0 falchion
 g - a +0 war axe (weapon)
 i - a +0 dagger
 k - a +0 dagger
 q - a -1 mace
Missiles
 j - 71 stones (quivered)
 n - 26 arrows
 r - 7 tomahawks
Armour
 b - a +0 leather armour (worn)
 p - a +1 helmet (worn)
 t - a +0 large shield
Jewellery
 h - a +3 ring of dexterity
 o - an uncursed amulet of rage {unknown}
Scrolls
 f - a scroll of identify
 s - a scroll of magic mapping {unknown}
 v - a scroll of fog
Potions
 c - a potion of agility {unknown}
 e - a potion of flight {unknown}
 l - a potion of brilliance {unknown}
 u - a potion of resistance {unknown}
Comestibles
 d - 3 rations
 m - 6 chunks of flesh


   Skills:
 + Level 4.5 Fighting
 + Level 0.9 Short Blades
 + Level 4.5 Long Blades
 + Level 0.9 Axes
 + Level 0.9 Maces & Flails
 + Level 0.9 Polearms
 + Level 0.9 Staves
 + Level 0.9 Slings
 + Level 0.9 Bows
 + Level 0.9 Crossbows
 + Level 0.9 Throwing
 + Level 2.6 Armour
 + Level 4.5 Dodging
 + Level 0.9 Stealth
 + Level 0.9 Shields
 + Level 0.9 Unarmed Combat
 + Level 5.0 Spellcasting
 + Level 0.6 Conjurations
 + Level 0.6 Hexes
 + Level 5.4 Charms
 + Level 0.6 Summonings
 + Level 0.6 Necromancy
 + Level 0.6 Translocations
 + Level 0.6 Transmutations
 + Level 0.6 Fire Magic
 + Level 0.6 Ice Magic
 + Level 0.6 Air Magic
 + Level 0.6 Earth Magic
 + Level 0.6 Poison Magic
 + Level 1.0 Invocations
 + Level 0.9 Evocations


You had one spell level left.
You knew the following spells:

 Your Spells              Type           Power        Failure   Level  Hunger
a - Infusion              Chrm           ###.         2%          1    None
b - Song of Slaying       Chrm           ###.....     3%          2    ##.....
c - Shroud of Golubria    Chrm/Tloc      ##........   9%          2    ##.....
d - Regeneration          Chrm/Necr      ##........   17%         3    ###....
e - Spectral Weapon       Hex/Chrm       ##......     17%         3    ###....

Your spell library contained the following spells:

 Spells                   Type           Power        Failure   Level  Hunger
 Confusing Touch          Hex            #.....       16%         1    None
 Confuse                  Hex            #.......     43%         3    ###....
 Gell's Gravitas          Tloc           #.........   43%         3    ###....
 Petrify                  Tmut/Erth      #.......     83%         4    ####...
 Metabolic Englaciation   Hex/Ice        #.........   99%         5    ######.
 Yara's Violent Unravell  Hex/Tmut       #.........   99%         5    ######.


Dungeon Overview and Level Annotations

Branches:
Dungeon (2/15)

Altars:


Innate Abilities, Weirdness & Mutations

Your experience applies equally to all skills.
You have very sharp teeth.
Your uncanny sense of smell can sniff out nearby items.


Message History

The gnoll hits you with a +0 club.
The gnoll hits you from afar with a +0 spear.
Cast which spell? (? or * to list)
Okay, then.
The gnoll misses you.
Wield which item (- for none, * to show all)? (? for menu, Esc to quit)
g - a +0 war axe (weapon)
The gnoll hits you with a +0 spear. The gnoll hits you but does no damage.
You hit the gnoll but do no damage. You bite the gnoll, but do no damage.
The gnoll is almost dead.
You closely miss the gnoll. You barely miss the gnoll. The gnoll misses you. x2
The gnoll hits you but does no damage. The gnoll hits you with a +0 club.
Unknown command.
You hit the gnoll but do no damage.
The gnoll is almost dead.
You barely miss the gnoll. You hit the gnoll.
The gnoll hits you with a +0 spear. The gnoll hits you but does no damage.
The gnoll closely misses you. The gnoll hits you but does no damage.
The gnoll hits you with a +0 spear!
You die...

### ..# ..# ..#
####### ..#
....... ..#
#######g...... ..#
#####.....@gK?%...
..#
#.....#####g......
..# #.#####
####### ..# ##.#
..# ##..#
..###..#####
'##..........
.......######
.÷.###..# ∆


You could see 3 gnolls and a kobold.

Vanquished Creatures
  An ooze (D:1)
  A worm (D:2)
  2 dart slugs
  A leopard gecko (D:1)
  A giant cockroach (D:1)
  4 goblins
  7 hobgoblins
  6 bats (D:1)
  2 frilled lizards
  5 kobolds (D:1)
  4 rats
34 creatures vanquished.

Notes
Turn   | Place    | Note
-------+----------+-------------------------------------------
     0 | D:1      | Leeroy the Gnoll Skald began the quest for the Orb.
     0 | D:1      | Reached XP level 1. HP: 20/20 MP: 6/6
   137 | D:1      | Reached XP level 2. HP: 26/26 MP: 7/7
   146 | D:1      | Learned a level 2 spell: Song of Slaying
   149 | D:1      | Learned a level 2 spell: Shroud of Golubria
   464 | D:1      | Reached XP level 3. HP: 28/31 MP: 9/9
   518 | D:1      | Reached skill level 5 in Spellcasting
  1093 | D:2      | Reached skill level 1 in Invocations
  1110 | D:2      | Learned a level 3 spell: Regeneration
  1114 | D:2      | Learned a level 3 spell: Spectral Weapon
  1317 | D:2      | Slain by a gnoll

Vault maps used:
D:1:      wander_arrival_lonely_grave, serial_bayou_pond_d
D:2:      interstate_on_off, kennysheep_small_spiral, chequers_mini_garden

Skill      XL: |  1  2  3 |
---------------+----------+-----
Spellcasting   | 5 |  5.0
Invocations    | 1 |  1.0
Fighting       | |  4.5
Short Blades   | |  0.9
Long Blades    | |  4.5
Axes           | |  0.9
Maces & Flails | |  0.9
Polearms       | |  0.9
Staves         | |  0.9
Slings         | |  0.9
Bows           | |  0.9
Crossbows      | |  0.9
Throwing       | |  0.9
Armour         | |  2.6
Dodging        | |  4.5
Stealth        | |  0.9
Shields        | |  0.9
Unarmed Combat | |  0.9
Conjurations   | |  0.6
Hexes          | |  0.6
Charms         | |  5.4
Summonings     | |  0.6
Necromancy     | |  0.6
Translocations | |  0.6
Transmutations | |  0.6
Fire Magic     | |  0.6
Ice Magic      | |  0.6
Air Magic      | |  0.6
Earth Magic    | |  0.6
Poison Magic   | |  0.6
Evocations     | |  0.9

Action                   || total
-------------------------++-------
Melee: Falchion          ||    72
       Bite              ||    12
       Mace              ||    38
       War axe           ||     2
  Use: Scroll            ||     4
 Stab: Sleeping          ||     2
  Eat: Chunk             ||     1
Armor: Leather armour    ||    41
Dodge: Dodged            ||   147
       Rpst.: Falchion   ||    28

Table legend:
 A = Non-vault XP
 B = Vault XP
 C = Vault XP percentage of total XP
 D = Non-vault monster count
 E = Vault monster count
 F = Vault count percentage of total count
                 A         B        C        D         E       F
            +---------+---------+-------+---------+---------+-------
      Total |      68 |       0 |   0.0 |      34 |       0 |   0.0
            +---------+---------+-------+---------+---------+-------
        D:1 |      47 |       0 |   0.0 |      25 |       0 |   0.0
        D:2 |      21 |       0 |   0.0 |       9 |       0 |   0.0
            +---------+---------+-------+---------+---------+-------
